 Dungeon Crawl Stone Soup version 0.28-a0-563-gf77a47075d (webtiles) character file.

Game seed: 16440663921505692779

2634 bande the Cleaver (level 9, -3/55 HPs)
             Began as a Gargoyle Fighter on Sept 29, 2021.
             Was a Believer of Okawaru.
             Slain by a large abomination (16 damage)
             ... on level 1 of the Abyss.
             The game lasted 00:14:03 (7412 turns).

bande the Cleaver (Gargoyle Fighter)                Turns: 7412, Time: 00:14:04

Health: -3/55      AC: 20    Str: 21    XL:     9   Next: 61%
Magic:  10/10      EV:  8    Int:  9    God:    Okawaru [**....]
Gold:   342        SH:  5    Dex: 11    Spells: 8/8 levels left

rFire   + . .      SeeInvis .   a - +1 war axe
rCold   . . .      Faith    .   c - +0 buckler
rNeg    + . .      Spirit   .   l - +0 chain mail
rPois   ∞          Reflect  .   (no helmet)
rElec   +          Harm     .   e - +1 cloak
rCorr   .          Rampage  .   (no gloves)
Will    +....                   o - +0 pair of boots
Stlth   ..........              u - amulet of regeneration
HPRegen 1.18/turn               g - ring of protection from fire
MPRegen 0.12/turn               y - ring of willpower

@: no status effects
A: sickness immunity, AC +6, negative energy resistance 1, electricity
resistance, torment resistance 1, petrification resistance
a: Renounce Religion, Heroism


You were on level 1 of the Abyss.
You worshipped Okawaru.
Okawaru was pleased with you.
You visited 2 branches of the dungeon, and saw 8 of its levels.
You visited the Abyss 1 time.

You collected 342 gold pieces.

Inventory:

Hand Weapons
 a - a +1 war axe (weapon)
 i - a +1 mace of holy wrath
 r - a +4 flail of protection
Armour
 c - a +0 buckler (worn)
 e - a +1 cloak (worn)
 l - a +0 chain mail (worn)
 o - a +0 pair of boots (worn)
Jewellery
 g - a ring of protection from fire (left hand)
 j - a ring of see invisible
 t - a +4 ring of protection
 u - an amulet of regeneration (around neck)
 y - a ring of willpower (right hand)
Wands
 d - a wand of paralysis (4)
 f - a wand of flame (12)
 m - a wand of digging (4)
Scrolls
 n - 2 scrolls of blinking
 w - 3 scrolls of enchant armour
 x - a scroll of teleportation
 A - a scroll of enchant weapon
Potions
 b - a potion of lignification {unknown}
 h - 3 potions of flight
 k - a potion of mutation {unknown}
 q - a potion of ambrosia {unknown}
 s - a potion of berserk rage {unknown}
 v - a potion of attraction {unknown}
 z - a potion of haste {unknown}


   Skills:
 + Level 6.2 Fighting
 + Level 8.0 Axes
 + Level 6.6 Armour
 + Level 4.8 Shields
 * Level 2.4 Invocations
 * Level 4.0 Evocations


You had 8 spell levels left.
You didn't know any spells.
Your spell library contained the following spells:

 Spells                   Type           Power      Damage    Failure   Level
 Static Discharge         Conj/Air       0%         N/A       99%         2
 Ignite Poison            Fire/Tmut/Pois 0%         N/A       100%        3
 Mephitic Cloud           Conj/Pois/Air  0%         N/A       100%        3
 Freezing Cloud           Conj/Ice/Air   0%         6-21      100%        5
 Lightning Bolt           Conj/Air       0%         1d11      100%        5
 Maxwell's Capacitive Co  Air            0%         ∞         100%        8


Dungeon Overview and Level Annotations

Branches:
Dungeon (7/15)             Temple (1/1) D:4

Altars:
Ashenzari
Cheibriados
Fedhas
Gozag
Kikubaaqudgha
Makhleb
Okawaru
Qazlal
Ru
Sif Muna
Trog
Uskayaw
Vehumet
Wu Jian
Xom
Zin
The Shining One

Shops:
D:4 [   D:6 (


Innate Abilities, Weirdness & Mutations

You are immune to sickness and miasma.
Your stone body is resilient. (AC +6)
You are immune to poison.
You resist negative energy. (rN+)
You are resistant to electric shocks. (rElec)
You are resistant to unholy torment.
You are immune to petrification.


Message History

Unknown command.
Found 21 gold pieces.
You now have 342 gold pieces (gained 21).
Found a gateway leading deeper into the Abyss.
Found a cloak.
A large abomination comes into view. x2
The large abomination hits you but does no damage.
You hit the large abomination but do no damage.
You closely miss the large abomination.
You block the large abomination's attack.
You hit the large abomination.
The large abomination is lightly damaged.
The large abomination hits you!
You barely miss the large abomination.
The large abomination is lightly damaged.
You hit the large abomination.
The large abomination is moderately damaged.
The large abomination hits you!!
You barely miss the large abomination.
The large abomination is moderately damaged.
The large abomination hits you but does no damage.
You hit the large abomination.
The large abomination is moderately damaged.
You barely miss the large abomination.
The large abomination is moderately damaged.
The large abomination hits you but does no damage.
You hit the large abomination.
The large abomination is moderately damaged.
The large abomination hits you!!
* * * LOW HITPOINT WARNING * * *
You slash the large abomination!
The large abomination is heavily damaged.
You hit the large abomination but do no damage.
The large abomination is heavily damaged.
The large abomination hits you.
* * * LOW HITPOINT WARNING * * *
You hit the large abomination but do no damage.
The large abomination is heavily damaged.
The large abomination hits you!
You die...

.. .#.
.....# ..#
##. . # #.##
.# . .
..#...# .>..
#### .# ## .
#.###.#.##.#
. #..
.......# #
###.#####X##
#
#...@.....#
#.#.#X.####
#[..#..#
###.#..#
......
.....##
##..#..
#....#


You could see 2 large abominations.

Vanquished Creatures
  Pikel (D:4)
  Edmund (D:4)
  Menkaure (D:5)
  A sky beast (D:3)
  A black bear (D:6)
  3 necrophages (D:6)
  2 ogres
  A phantom (D:5)
  2 kobold brigands (D:5)
  A wyvern zombie (D:6)
  2 scorpions
  A gnoll sergeant (D:5)
  A bullfrog (D:6)
  A bullfrog zombie (D:6)
  A centaur zombie (D:6)
  A centaur skeleton (D:4)
  A jelly (D:6)
  2 hounds (D:6)
  3 orc priests
  Terence (D:2)
  3 iguanas
  A scorpion zombie (D:5)
  Natasha (D:2)
  3 orc wizards
  A killer bee zombie (D:6)
  A howler monkey zombie (D:6)
  9 gnolls
  10 adders
  A white imp (D:5)
  5 worms
  2 dart slugs
  15 orcs
  2 bats
  9 endoplasms
  4 giant cockroaches
  14 goblins
  12 hobgoblins
  5 quokkas
  7 ball pythons
  A frilled lizard (D:1)
  17 kobolds
  7 rats
  A bush (D:6)
159 creatures vanquished.

Vanquished Creatures (others)
  2 bushes (D:6)
  10 plants (D:6)
12 creatures vanquished.

Grand Total: 171 creatures vanquished

Notes
Turn   | Place    | Note
-------+----------+-------------------------------------------
     0 | D:1      | bande the Gargoyle Fighter began the quest for the Orb.
     0 | D:1      | Reached XP level 1. HP: 14/14 MP: 1/1
   186 | D:1      | Reached XP level 2. HP: 16/19 MP: 2/2
   800 | D:1      | Reached skill level 2 in Axes
   981 | D:1      | Reached XP level 3. HP: 23/23 MP: 3/3
  1640 | D:2      | Noticed Terence
  1653 | D:2      | Killed Terence
  1654 | D:2      | Reached XP level 4. HP: 21/29 MP: 4/4
  1863 | D:2      | Reached skill level 3 in Axes
  2616 | D:2      | Noticed Natasha
  2624 | D:2      | Killed Natasha
  2625 | D:2      | Reached XP level 5. HP: 29/33 MP: 5/5
  3043 | D:3      | Noticed a sky beast
  3062 | D:3      | Killed a sky beast
  3063 | D:3      | Reached skill level 4 in Axes
  3063 | D:3      | Reached XP level 6. HP: 27/38 MP: 6/6
  3615 | D:3      | Found a burning altar of Makhleb.
  4304 | D:4      | Found a radiant altar of Vehumet.
  4412 | D:4      | Reached XP level 7. HP: 30/44 MP: 7/7
  4542 | D:4      | Noticed Edmund
  4548 | D:4      | Noticed Pikel
  4574 | D:4      | Killed Edmund
  4575 | D:4      | Reached skill level 5 in Axes
  4575 | D:4      | Reached skill level 5 in Armour
  4575 | D:4      | Reached skill level 1 in Evocations
  4578 | D:4      | Paralysed by Pikel for 3 turns
  4590 | D:4      | Killed Pikel
  4591 | D:4      | Reached skill level 5 in Fighting
  4591 | D:4      | Reached skill level 6 in Axes
  4591 | D:4      | Reached XP level 8. HP: 31/49 MP: 8/8
  4811 | D:4      | Found a staircase to the Ecumenical Temple.
  4826 | Temple   | Entered the Ecumenical Temple
  4886 | Temple   | Became a worshipper of Warmaster Okawaru
  5072 | D:4      | Found Koaptonkur's Armour Shoppe.
  5289 | D:5      | Entered Level 5 of the Dungeon
  5522 | D:5      | Noticed Menkaure
  5526 | D:5      | Killed Menkaure
  5910 | D:5      | Reached skill level 7 in Axes
  6146 | D:5      | Reached * piety under Okawaru
  6147 | D:5      | Reached XP level 9. HP: 49/55 MP: 9/9
  6644 | D:6      | Reached skill level 1 in Invocations
  6821 | D:6      | Found Zajiroka's Antique Weapon Shop.
  7107 | D:6      | Identified the +4 long sword of Subjectivity {speed, rC+}
  7130 | D:6      | Found an ancient bone altar of Kikubaaqudgha.
  7176 | D:6      | Found a blossoming altar of Fedhas.
  7226 | D:6      | Reached ** piety under Okawaru
  7251 | D:6      | Reached skill level 8 in Axes
  7343 | D:7      | Cast into level 1 of the Abyss (orc wizard)
  7397 | Abyss:1  | Noticed a large abomination
  7412 | Abyss:1  | Slain by a large abomination

Illustrated notes

Levels and vault maps discovered:
D:1:      minmay_arrival_open_corners, layout_basic, nrook_campfire,
          dk_noncrumbling_4
D:2:      layout_basic, grunt_decor_mini_mirrors, chequers_decorated_corner,
          uniq_terence, uniq_natasha
D:3:      layout_basic, mainiacjoe_overflow_concentric_impassable, st_stairs_14,
          minmay_goblin_kobold_house
D:4:      layout_basic, vehumet_crystals, minmay_temple_entry_junction,
          serial_shops, nicolae_shop_crystal, uniq_pikel, uniq_edmund
D:5:      cheibrodos_thug_alley, layout_gridville, gup_sewer_entry_bubbles,
          uniq_menkaure
D:6:      layout_cave_pools, fedhas_altar_decomposition,
          lemuel_coloured_pillars_altar, serial_shops, nicolae_square_shop,
          supply_closet_lemuel
D:7:      layout_loops_cross, uniq_joseph, uniq_harold
Temple:   eino_temple_water
Abyss:1:  base: D:3, minivault_28

Skill      XL: |  1  2  3  4  5  6  7  8  9 |
---------------+----------------------------+-----
Axes           | 2 3 4 6 7 8 |  8.0
Armour         | 4 5 6 |  6.6
Fighting       | 4 5 6 |  6.2
Shields        | 4 |  4.8
Evocations     | 2 3 4 |  4.0
Invocations    | 2 |  2.4

Action                   |  1- 3 |  4- 6 |  7- 9 || total
-------------------------+-------+-------+-------++-------
Melee: War axe           |   116 |   185 |   345 ||   646
  Use: Scroll            |     1 |     3 |     7 ||    11
       Potion            |     1 |       |     6 ||     7
Armor: Scale mail        |    68 |    54 |       ||   122
       Chain mail        |       |    64 |   248 ||   312
Dodge: Dodged            |    51 |    73 |   111 ||   235
Block: Buckler           |    29 |    35 |    70 ||   134

Table legend: (Time is in decaauts)
 A = Elapsed time spent in this place.
 B = Non-inter-level travel time spent in this place.
 C = Inter-level travel time spent in this place.
 D = Time resting spent in this place.
 E = Time spent auto-exploring this place.
 F = Levels seen in this place.
 G = Mean time per level.
                   A        B        C        D        E       F      G
               +--------+--------+--------+--------+--------+-----+--------+
         Total |   7581 |   7505 |     76 |   1497 |   4262 |   9 |  842.3 |
       Dungeon |   7430 |   7354 |     76 |   1497 |   4216 |   7 | 1061.4 |
        Temple |     81 |     81 |      0 |      0 |     46 |   1 |   81.0 |
         Abyss |     69 |     69 |      0 |      0 |      0 |   1 |   69.0 |
               +--------+--------+--------+--------+--------+-----+--------+

Top non-repeatable levels by time:
     D:2: 1492 daAuts
     D:1: 1440 daAuts
     D:5: 1390 daAuts
     D:3: 1306 daAuts
     D:4: 1089 daAuts
     D:6: 667 daAuts
  Temple: 81 daAuts
 Abyss:1: 69 daAuts
     D:7: 43 daAuts
